 Dungeon Crawl Stone Soup version 0.30-a0-585-g93115170b9 (webtiles) character file.

Game seed: 14488656499976559895

3993 Newt the Changer (level 10, -2/73 (76) HPs)
             Began as a Demonspawn Gladiator on Jan 2, 2023.
             Was a Believer of Jiyva.
             Killed by divine providence
             ... invoked by an orc priest
              (15 damage)
             ... on level 7 of the Dungeon.
             The game lasted 00:12:13 (7392 turns).

Newt the Changer (Demonspawn Gladiator)             Turns: 7392, Time: 00:12:14

HP:   -2/73 (76)    AC: 10    Str: 18    XL:     10   Next: 3%
MP:   17/17         EV: 13    Int: 10    God:    Jiyva [**....]
Gold: 165           SH:  0    Dex: 15    Spells: 19/19 levels left

rFire   . . .      SeeInvis .    h - +0 whip (elec)
rCold   . . .      Faith    .    (no shield)
rNeg    . . .      Spirit   .    b - +0 leather armour
rPois   +          Reflect  .    c - +0 helmet
rElec   .          Harm     .    (no cloak)
rCorr   +          Rampage  .    (no gloves)
Will    .....                    j - +1 pair of boots
Stlth   ++                       (no amulet)
HPRegen 1.28/turn                (no ring)
MPRegen 0.45/turn                (no ring)

@: mighty, lightly drained
A: hooves 2, slimy green scales 3, powered by pain 1
a: Renounce Religion


You were on level 7 of the Dungeon.
You worshipped Jiyva.
Jiyva was pleased with you.
You visited 1 branch of the dungeon, and saw 7 of its levels.
You also visited: Sewer.

You collected 221 gold pieces.
You spent 56 gold pieces at shops.

Inventory:

Hand Weapons
 a - a +0 rapier
 h - a +0 whip of electrocution (weapon)
 k - a +1 whip of freezing
Missiles
 d - 2 throwing nets
 i - 4 silver boomerangs (quivered)
 m - 3 poisoned darts
 x - 2 curare-tipped darts
Armour
 b - a +0 leather armour (worn)
 c - a +0 helmet (worn)
 j - a +1 pair of boots (worn)
 y - a +0 kite shield
Jewellery
 g - a +6 ring of strength
 v - a +5 ring of evasion
Wands
 w - a wand of flame (17)
Scrolls
 f - a scroll of fear
 q - a scroll of poison
 z - a scroll of immolation {unknown}
Potions
 l - 3 potions of curing
 n - 2 potions of attraction
 o - 2 potions of lignification
 p - a potion of flight
 r - a potion of brilliance
 s - 4 potions of heal wounds
 t - a potion of might
 u - a potion of magic {unknown}


   Skills:
 - Level 6.0 Fighting
 - Level 2.6 Short Blades
 - Level 6.0 Maces & Flails
 - Level 3.0 Throwing
 - Level 4.0 Armour
 - Level 4.0 Dodging
 - Level 2.0 Stealth
 - Level 5.0 Spellcasting
 + Level 6.8 Transmutations


You had 19 spell levels left.
You didn't know any spells.
Your spell library contained the following spells:

 Spells                   Type           Power      Damage    Failure   Level
 Cigotuvi's Dreadful Rot  Necr/Pois/Air  4%         N/A       38%         2
 Poisonous Vapours        Pois/Air       4%         N/A       38%         2
 Blade Hands              Tmut           8%         N/A       43%         5
 Mephitic Cloud           Conj/Pois/Air  2%         N/A       63%         3
 Irradiate                Conj/Tmut      4%         3d13      88%         5
 Dragon Form              Tmut           8%         N/A       100%        7


Dungeon Overview and Level Annotations

Branches:
Dungeon (7/15)             Temple (0/1) D:6           Sewer (visited)

Altars:
Cheibriados
Kikubaaqudgha
Yredelemnul

Shops:
D:6 ??

Annotations:
D:5 1 runed translucent door
D:7 2 runed translucent doors


Innate Abilities, Weirdness & Mutations

You have hoof-like feet.
You are completely covered in slimy green scales. (AC +4, rPois)
You sometimes gain a little power by taking damage.


Message History

Something hits you but does no damage.
You hit something. You whack something! You hit something.
Something hits you but does no damage.
The orc priest mumbles some strange prayers to Beogh against you.
Beogh smites you!
You barely miss something. Your punch misses something.
Something hits you but does no damage.
You whack something! Something hits you but does no damage.
Throw: javelin
Press: ? - help, Shift-Dir - straight line, f - orc priest
Aim: an orc priest, wielding a +0 dagger (lightly wounded, 63% to hit)
You throw a javelin. The javelin pierces through the orc!
You kill the orc!
The javelin completely misses the wight.
The javelin barely misses the orc priest.
The orc priest calls down the wrath of Beogh upon you.
Beogh smites you!
You focus on the pain.
You feel mightier all of a sudden.
You hear some strange, mumbled words.
A magic dart appears from out of thin air!
The magic dart hits you.
You barely miss something. Something hits you but does no damage.
The wight hits you from afar with a +0 halberd!
* * * LOW HITPOINT WARNING * * *
Something hits you but does no damage.
You hear some strange, mumbled words.
A puff of flame appears from out of thin air!
The puff of flame hits you.
* * * LOW HITPOINT WARNING * * *
You swap places.
The orc priest mumbles some strange prayers to Beogh against you.
Beogh smites you!
* * * LOW HITPOINT WARNING * * *
A puff of flame appears from out of thin air!
The puff of flame hits the jelly!
The jelly closely misses something.
The orc priest invokes the aid of Beogh against you.
Beogh smites you!
You die...

#..........# #..o.......#
#.Szo......# ###z########
#{# ###J########
#..........#
########........>.#
#......#...@......#
#......#..........####
#......#..........'..# ..
#......#..........##.#
..####...........>.....##.#
...............##########.#
...............# #.#
...............# #.#
...............# #.#


You could see a water moccasin, 2 wights, an orc priest and a neutral jelly
(distracted) (fellow slime).

Vanquished Creatures
  Pikel (D:4)
  2 kobold demonologists (D:6)
  Grinder (D:4)
  Menkaure (D:5)
  Duvessa (D:5)
  A water moccasin (D:5)
  3 black bears
  4 ogres
  A centaur (D:6)
  2 kobold brigands (D:6)
  2 necrophages
  2 bullfrogs
  5 scorpions
  6 wights
  Dowan (D:5)
  3 jellies
  A gnoll bouda (D:5)
  4 orc priests
  4 iguanas
  Natasha (thrice) (D:4)
  9 orc wizards
  13 adders
  3 gnolls (D:5)
  4 ufetubi
  An adder skeleton (D:2)
  4 worms
  2 dart slugs
  21 orcs
  A bat skeleton (D:2)
  2 bat zombies (D:2)
  8 endoplasms
  8 giant cockroaches
  4 goblins
  10 hobgoblins
  10 kobolds
  8 quokkas
  11 ball pythons
  A ball python skeleton (D:2)
  A ball python zombie (D:2)
  6 bats
  6 frilled lizards
  A giant cockroach zombie (D:2)
  A jackal skeleton (D:2)
  A quokka skeleton (D:2)
  A quokka zombie (D:2)
  10 rats
195 creatures vanquished.

Vanquished Creatures (others)
  5 jellies
  An orc wizard (D:6)
  A worm (Sewer)
  An orc (D:5)
  A jackal skeleton (D:5)
9 creatures vanquished.

Grand Total: 204 creatures vanquished

Notes
Turn   | Place    | Note
-------+----------+-------------------------------------------
     0 | D:1      | Newt the Demonspawn Gladiator began the quest for the Orb.
     0 | D:1      | Reached XP level 1. HP: 16/16 MP: 1/1
   111 | D:1      | Reached skill level 1 in Stealth
   228 | D:1      | Gained mutation: You sometimes gain a little power by
                  | taking damage. [demonic ancestry]
   228 | D:1      | Reached XP level 2. HP: 14/22 MP: 2/2
   325 | D:1      | Found a faded altar of an unknown god.
   946 | D:2      | Reached XP level 3. HP: 7/28 MP: 3/3
  1547 | D:2      | Gained mutation: You are partially covered in slimy green
                  | scales. (AC +2) [demonic ancestry]
  1547 | D:2      | Reached XP level 4. HP: 34/37 MP: 4/4
  2149 | D:3      | Noticed a black bear
  2168 | D:3      | Killed a black bear
  2169 | D:3      | Reached XP level 5. HP: 16/42 MP: 5/5
  2911 | D:3      | Found a snail-covered altar of Cheibriados.
  3242 | D:4      | Noticed Pikel
  3242 | D:4      | Noticed a lemure
  3242 | D:4      | Noticed a lemure
  3242 | D:4      | Noticed a lemure
  3242 | D:4      | Noticed a lemure
  3273 | D:4      | Killed Pikel
  3274 | D:4      | Gained mutation: You are mostly covered in slimy green
                  | scales. (AC +3) [demonic ancestry]
  3274 | D:4      | Reached XP level 6. HP: 26/48 MP: 6/6
  3274 | D:4      | Gained mutation: You have large cloven feet. [demonic
                  | ancestry]
  3274 | D:4      | Reached XP level 7. HP: 29/54 MP: 7/7
  3470 | D:4      | Noticed Natasha
  3481 | D:4      | Killed Natasha
  3497 | D:4      | Noticed Natasha
  3511 | D:4      | Killed Natasha
  3617 | D:4      | Noticed Natasha
  3623 | D:4      | Killed Natasha
  4007 | D:4      | Reached skill level 5 in Maces & Flails
  4121 | D:4      | Noticed Grinder
  4124 | D:4      | Paralysed by Grinder for 2 turns
  4137 | D:4      | Killed Grinder
  4138 | D:4      | Gained mutation: You are completely covered in slimy green
                  | scales. (AC +4, rPois) [demonic ancestry]
  4138 | D:4      | Reached XP level 8. HP: 60/60 MP: 8/8
  4304 | D:5      | Entered Level 5 of the Dungeon
  4547 | D:5      | Found a glowing drain.
  4561 | Sewer    | Entered a sewer
  4684 | Sewer    | Reached skill level 5 in Fighting
  4795 | Sewer    | Found a viscous altar of Jiyva.
  4828 | Sewer    | Became a worshipper of Jiyva Joirubbo the Shapeless
  4986 | D:5      | Found an ancient bone altar of Kikubaaqudgha.
  5313 | D:5      | Noticed Duvessa
  5314 | D:5      | Noticed Dowan
  5315 | D:5      | Killed Duvessa
  5328 | D:5      | Killed Dowan
  5329 | D:5      | Reached skill level 1 in Transmutations
  5332 | D:5      | Found a runed translucent door.
  5365 | D:5      | Found a basalt altar of Yredelemnul.
  5366 | D:5      | Reached * piety under Jiyva
  5719 | D:5      | Gained mutation: You have hoof-like feet. [demonic
                  | ancestry]
  5719 | D:5      | Reached XP level 9. HP: 65/69 MP: 9/9
  5879 | D:5      | Noticed Menkaure
  5885 | D:5      | Killed Menkaure
  6121 | D:6      | Reached ** piety under Jiyva
  6355 | D:6      | Found Boarimm's Magic Scroll Shoppe.
  6408 | D:6      | Reached skill level 5 in Transmutations
  6457 | D:6      | Reached skill level 1 in Spellcasting
  6683 | D:6      | Found a staircase to the Ecumenical Temple.
  6731 | D:6      | Found Cijosy's Magic Scroll Emporium.
  6738 | D:6      | Bought a scroll of identify for 28 gold pieces
  6738 | D:6      | Bought a scroll of identify for 28 gold pieces
  7022 | D:6      | Noticed a kobold demonologist
  7023 | D:6      | Noticed a kobold demonologist
  7036 | D:6      | Noticed a red devil
  7038 | D:6      | Killed a kobold demonologist
  7045 | D:6      | Reached skill level 5 in Spellcasting
  7053 | D:6      | Noticed a sun demon
  7068 | D:6      | Killed a kobold demonologist
  7201 | D:7      | Found a runed translucent door.
  7204 | D:7      | Found a runed translucent door.
  7271 | D:7      | Reached XP level 10. HP: 69/76 MP: 17/17
  7392 | D:7      | Killed from afar by an orc priest

Illustrated notes

Levels and vault maps discovered:
D:1:      lightli_arrival_quake, layout_loops_ring,
          ebering_ecumenical_altar_webs
D:2:      layout_rooms, serial_undead, serial_undead_d, serial_undead_f,
          serial_undead_b, serial_undead_a, serial_undead_a, serial_undead_d,
          serial_undead_d, serial_undead_d
D:3:      layout_loops_cross, chei_slow_surprise
D:4:      layout_basic, kennysheep_potato, uniq_grinder, uniq_natasha,
          uniq_pikel
D:5:      minmay_opposing_rooms, layout_layer_cave,
          nicolae_kikubaaqudgha_miasma_corner, dk_yredelemnul_ordeal,
          portal_sewer_entry_d, uniq_menkaure, uniq_duvessa
D:6:      layout_basic, minmay_temple_entry_statues_pillars, serial_shops,
          nicolae_shop_statue_plus, nicolae_shop_hallway_stairs
D:7:      lemuel_insect_pit, layout_basic, mainiacjoe_overflow_alcove_1

Skill      XL: |  1  2  3  4  5  6  7  8  9 |
---------------+----------------------------+-----
Stealth        | 1 2 |  2.0
Fighting       | 3 4 6 |  6.0
Maces & Flails | 2 3 6 |  6.0
Dodging        | 4 |  4.0
Armour         | 3 4 |  4.0
Throwing       | 3 |  3.0
Transmutations | 3 6 |  6.8
Spellcasting   | 5 |  5.0
Short Blades   | |  2.6

Action                   |  1- 3 |  4- 6 |  7- 9 | 10-12 || total
-------------------------+-------+-------+-------+-------++-------
Melee: Rapier            |   115 |       |       |       ||   115
       Whip              |    21 |    99 |   587 |    29 ||   736
       Punch             |       |       |     6 |     1 ||     7
Throw: Throwing net      |     3 |     2 |     1 |       ||     6
       Boomerang         |       |       |     4 |       ||     4
       Dart              |       |       |     4 |       ||     4
       Javelin           |       |       |     1 |     1 ||     2
  Use: Scroll            |     3 |     6 |     7 |       ||    16
       Potion            |       |       |     2 |       ||     2
 Stab: Sleeping          |     3 |     4 |     6 |       ||    13
       Held in net/web   |     1 |     1 |       |       ||     2
       Fleeing           |       |       |     1 |       ||     1
Armor: Leather armour    |    68 |    31 |   245 |    11 ||   355
Dodge: Dodged            |   117 |    55 |   368 |     6 ||   546

Table legend: (Time is in decaauts)
 A = Elapsed time spent in this place.
 B = Non-inter-level travel time spent in this place.
 C = Inter-level travel time spent in this place.
 D = Time resting spent in this place.
 E = Time spent auto-exploring this place.
 F = Levels seen in this place.
 G = Mean time per level.
                   A        B        C        D        E       F      G
               +--------+--------+--------+--------+--------+-----+--------+
         Total |   7326 |   7093 |    233 |   1133 |   4333 |   8 |  915.8 |
       Dungeon |   6962 |   6729 |    233 |   1133 |   4137 |   7 |  994.6 |
         Sewer |    363 |    363 |      0 |      0 |    196 |   1 |  363.0 |
               +--------+--------+--------+--------+--------+-----+--------+

Top non-repeatable levels by time:
     D:5: 1420 daAuts
     D:3: 1311 daAuts
     D:4: 1129 daAuts
     D:6: 991 daAuts
     D:2: 970 daAuts
     D:1: 895 daAuts
   Sewer: 363 daAuts
     D:7: 243 daAuts
